 Dungeon Crawl Stone Soup version 0.29.1-2-gbd0b4ee654 (webtiles) character file.

Game seed: 2382325854473430235

35894 SPIRITUALBEING the Severer (level 13, -6/127 HPs)
             Began as a Minotaur Berserker on Nov 28, 2022.
             Was a High Priest of Trog.
             Mangled by a catoblepas (23 damage)
             ... on level 5 of the Lair of Beasts.
             The game lasted 00:27:57 (15606 turns).

SPIRITUALBEING the Severer (Minotaur Berserker)    Turns: 15606, Time: 00:27:57

Health: -6/127     AC: 23    Str: 28    XL:     13   Next: 50%
Magic:  12/12      EV: 13    Int:  4    God:    Trog [*****.]
Gold:   824        SH:  0    Dex:  9    Spells: 12/12 levels left

rFire   + . .      SeeInvis +   P - +5 battleaxe
rCold   . . .      Faith    .   (shield currently unavailable)
rNeg    . . .      Spirit   .   m - +0 plate armour
rPois   .          Reflect  .   O - +0 hat {Will+}
rElec   .          Harm     .   J - +0 cloak
rCorr   .          Rampage  .   V - +1 pair of gloves
Will    +....                   A - +1 pair of boots
Stlth   ..........              S - amulet of regeneration
HPRegen 1.11/turn               f - +4 ring of evasion
MPRegen 0.13/turn               I - ring of Rolach {rF+ SInv}

@: no status effects
A: horns 2, retaliatory headbutt
a: Renounce Religion, Berserk, Trog's Hand, Brothers in Arms


You were on level 5 of the Lair of Beasts.
You worshipped Trog.
Trog was extremely pleased with you.
You visited 2 branches of the dungeon, and saw 17 of its levels.

You collected 1256 gold pieces.
You spent 432 gold pieces at shops.

Inventory:

Hand Weapons
 P - a +5 battleaxe (weapon)
Missiles
 C - 2 throwing nets
Armour
 m - a +0 plate armour (worn)
 y - the +0 pair of boots of Spring Thaw {rC+ rN+ Str-5}
   (You acquired it on level 11 of the Dungeon)

   Str:       It affects your strength (-5).
   rC:        It protects you from cold.
   rN:        It protects you from negative energy.
 A - a +1 pair of boots (worn)
 J - a +0 cloak (worn)
 O - a +0 hat of willpower (worn)
 V - a +1 pair of gloves (worn)
Jewellery
 f - a +4 ring of evasion (left hand)
 I - the ring of Rolach (right hand) {rF+ SInv}
   (You found it on level 6 of the Dungeon)

   [ring of see invisible]

   rF:        It protects you from fire.
   SInv:      It lets you see invisible.
 S - an amulet of regeneration (around neck)
 T - a +6 ring of strength
 W - a ring of protection from cold
 Y - an amulet of the acrobat
Wands
 b - a wand of light (8)
 k - a wand of mindburst (4)
 o - a wand of digging (7)
 v - a wand of paralysis (26)
 E - a wand of flame (33)
 L - a wand of iceblast (2) (quivered)
Scrolls
 c - 5 scrolls of enchant armour
 e - 3 scrolls of blinking
 g - 7 scrolls of teleportation
 j - 4 scrolls of butterflies
 l - 2 scrolls of amnesia
 n - 5 scrolls of enchant weapon
 p - 2 scrolls of noise
 q - a scroll of magic mapping
 r - 4 scrolls of immolation
 s - 3 scrolls of fear
 G - 4 scrolls of poison
 M - 2 scrolls of brand weapon
 Q - a scroll of vulnerability
 X - 2 scrolls of identify
Potions
 a - 3 potions of haste
 d - 4 potions of brilliance
 h - 11 potions of curing
 i - 2 potions of heal wounds
 t - 9 potions of attraction
 u - 4 potions of ambrosia
 w - 2 potions of berserk rage
 x - 3 potions of lignification {unknown}
 z - a potion of degeneration {unknown}
 B - 2 potions of might
 D - 3 potions of magic {unknown}
 F - 2 potions of mutation
 H - 5 potions of resistance {unknown}
 K - 5 potions of flight
 N - 2 potions of cancellation {unknown}
Miscellaneous
 R - a condenser vane (inert)
 U - a phial of floods
 Z - a phantom mirror


   Skills:
 * Level 15.3 Fighting
 * Level 15.3 Axes
 * Level 15.1 Armour
 - Level 2.1 Dodging
 + Level 8.1 Evocations


You had 12 spell levels left.
You didn't know any spells.
Your spell library was empty.

Dungeon Overview and Level Annotations

Branches:
Dungeon (12/15)            Temple (0/1) D:4            Lair (5/5) D:10
  Swamp (0/4) Lair:3       Spider (0/4) Lair:3          Orc (0/2) D:10
  Slime: Lair:4-5

Altars:
Ashenzari
Elyvilon
Makhleb
Okawaru
Qazlal
Trog
Uskayaw
Vehumet
Wu Jian

Shops:
D:2 *   D:9 !

Portals:
Trove: D:11 (give 7 scrolls of fear)

Annotations:
Lair:5 2 runed translucent doors


Innate Abilities, Weirdness & Mutations

You have a pair of horns on your head.
You reflexively headbutt those who attack you in melee.


Message History

The catoblepas gores you but does no damage.
The water moccasin bites you but does no damage. x2
The catoblepas gores you! The water moccasin bites you.
The catoblepas gores you!!
You turn to flesh and can move again.
You slice the water moccasin!!
You kill the water moccasin!
Trog accepts your kill.
You slash the catoblepas!
You feel sick.
The catoblepas gores you but does no damage.
You feel sick. The catoblepas gores you!
You feel sick. The catoblepas misses you.
You hit the catoblepas but do no damage.
The catoblepas is moderately wounded.
You feel sick.
You feel sick.
The catoblepas gores you but does no damage.
You hit the catoblepas.
The catoblepas is moderately wounded.
You feel sick. The catoblepas gores you!
You slash the catoblepas!
The catoblepas is moderately wounded.
You feel sick. The catoblepas gores you!
You hit the catoblepas but do no damage.
The catoblepas is moderately wounded.
You feel sick.
You are no longer poisoned.
The catoblepas gores you!!
* * * LOW HITPOINT WARNING * * *
You slice the catoblepas!!
You headbutt the catoblepas, but do no damage.
The catoblepas is severely wounded.
The catoblepas gores you!!
* * * LOW HITPOINT WARNING * * *
Aiming: Bolt of Light
Press: ? - help, Shift-Dir - straight line The bolt of light hits the catoblepas.
The catoblepas is severely wounded.
The catoblepas is blinded.
The catoblepas gores you!!
You die...

#.............##
....# #...
#.............## #...
#.[............##
#...
#.........)....(#
#.............P.#
#...............#
#.............### .
#.............##....
#..........@........Y
#..........Y.........
#..<.................
#.÷÷#..........#..#..
#...÷....##...##P## .
#....÷...##....# #
#........#.....#
#...P.........##
#...#....##....


You could see a catoblepas (blind).

Vanquished Creatures
  Gastronok (D:8)
  5 hydras
  A boulder beetle (Lair:5)
  A vault guard (D:11)
  3 catoblepae
  The ghost of Eryximachus the Magician, a journeyman OpHW of Gozag (D:10)
  A two-headed ogre (D:10)
  Pikel (D:4)
  A deep elf pyromancer (D:12)
  4 oklob plants (Lair:3)
  A cyclops (D:11)
  A manticore (D:11)
  An ugly thing (D:11)
  3 black mambas
  6 elephants (Lair:3)
  Joseph (D:9)
  7 cane toads
  9 komodo dragons
  2 trolls (D:10)
  2 polar bears
  17 blink frogs
  Sigmund (D:3)
  17 yaks
  5 wyverns
  A wraith (D:11)
  A shadow (D:11)
  2 basilisks
  2 steam dragons
  Menkaure (D:5)
  Edmund (D:4)
  2 acid dragons
  9 water moccasins
  A black bear (Lair:3)
  3 ogres (D:6)
  35 wolves
  3 centaurs (D:9)
  3 lemures (D:4)
  A phantom (D:4)
  A kobold brigand (D:10)
  A gnoll sergeant (D:12)
  19 bullfrogs
  2 necrophages
  4 scorpions
  10 wights
  4 electric eels (D:10)
  5 howler monkeys (D:8)
  2 orc priests
  8 hounds
  2 gnoll boudas
  6 iguanas
  14 orc wizards
  Natasha (thrice) (D:4)
  11 gnolls
  5 adders
  A shadow imp (D:7)
  2 white imps
  2 worms (D:4)
  A dart slug (D:3)
  30 orcs
  2 bats
  8 endoplasms
  7 giant cockroaches
  6 goblins
  9 hobgoblins
  7 quokkas
  4 ball pythons
  4 frilled lizards
  14 kobolds
  8 rats
359 creatures vanquished.

Vanquished Creatures (others)
  2 bushes
  13 fungi
  43 plants
58 creatures vanquished.

Grand Total: 417 creatures vanquished

Notes
Turn   | Place    | Note
-------+----------+-------------------------------------------
     0 | D:1      | SPIRITUALBEING the Minotaur Berserker began the quest for
                  | the Orb.
     0 | D:1      | Reached XP level 1. HP: 19/19 MP: 0/0
   314 | D:1      | Reached XP level 2. HP: 27/27 MP: 1/1
   607 | D:1      | Reached ** piety under Trog
   728 | D:1      | Found a faded altar of an unknown god.
   748 | D:1      | Reached XP level 3. HP: 29/33 MP: 2/2
  1208 | D:2      | Found Byqom's Assorted Antiques.
  1930 | D:3      | Noticed Sigmund
  1938 | D:3      | Killed Sigmund
  1939 | D:3      | Reached skill level 5 in Fighting
  1939 | D:3      | Reached skill level 5 in Axes
  1939 | D:3      | Reached skill level 1 in Evocations
  1939 | D:3      | Reached XP level 4. HP: 42/42 MP: 3/3
  1939 | D:3      | Reached XP level 5. HP: 48/48 MP: 4/4
  2153 | D:3      | Identified the +1 sling of Qeesett {venom, Fly rPois rF+++
                  | Str-5}
  2624 | D:4      | Noticed a phantom
  2638 | D:4      | Killed a phantom
  2639 | D:4      | Reached XP level 6. HP: 51/56 MP: 5/5
  2645 | D:4      | Noticed Natasha
  2653 | D:4      | Reached skill level 5 in Armour
  2653 | D:4      | Killed Natasha
  2972 | D:4      | Noticed Natasha
  2982 | D:4      | Killed Natasha
  3183 | D:4      | Noticed Natasha
  3191 | D:4      | Killed Natasha
  3192 | D:4      | Reached XP level 7. HP: 53/63 MP: 6/6
  3289 | D:4      | Found a burning altar of Makhleb.
  3290 | D:4      | Found a hide-covered altar of Uskayaw.
  3290 | D:4      | Found a broken altar of Ashenzari.
  3332 | D:4      | Found a staircase to the Ecumenical Temple.
  3332 | D:4      | Noticed Pikel
  3333 | D:4      | Reached *** piety under Trog
  3344 | D:4      | Killed Pikel
  3345 | D:4      | Reached XP level 8. HP: 73/73 MP: 7/7
  3584 | D:4      | Noticed Edmund
  3608 | D:4      | Killed Edmund
  3835 | D:5      | Entered Level 5 of the Dungeon
  3869 | D:5      | Noticed Menkaure
  3878 | D:5      | Killed Menkaure
  4188 | D:5      | Found an iron altar of Okawaru.
  5093 | D:6      | Reached XP level 9. HP: 68/82 MP: 8/8
  5199 | D:6      | Identified the ring of Rolach {rF+ SInv}
  5512 | D:6      | Found an ornate altar of the Wu Jian Council.
  5512 | D:6      | Found a white marble altar of Elyvilon.
  5513 | D:6      | Found a bloodstained altar of Trog.
  6651 | D:8      | Noticed Gastronok
  6669 | D:8      | Killed Gastronok
  6669 | D:8      | Reached **** piety under Trog
  6670 | D:8      | Reached skill level 10 in Fighting
  6670 | D:8      | Reached skill level 10 in Axes
  6670 | D:8      | Reached XP level 10. HP: 93/93 MP: 9/9
  6790 | D:8      | Reached skill level 10 in Armour
  7310 | D:9      | Found Rigon's Distillery.
  7338 | D:9      | Bought a potion of haste for 120 gold pieces
  7338 | D:9      | Bought a potion of mutation for 96 gold pieces
  7338 | D:9      | Bought a potion of might for 48 gold pieces
  7338 | D:9      | Bought a potion of curing for 36 gold pieces
  7338 | D:9      | Bought a potion of flight for 36 gold pieces
  7338 | D:9      | Bought a potion of ambrosia for 96 gold pieces
  7360 | D:9      | Noticed Joseph
  7373 | D:9      | Killed Joseph
  7374 | D:9      | Reached skill level 5 in Evocations
  7575 | D:9      | Found a stormy altar of Qazlal.
  7684 | D:9      | You fall into a shaft and drop 3 floors!
  7749 | D:12     | Noticed a deep elf pyromancer
  7754 | D:12     | Killed a deep elf pyromancer
  7882 | D:11     | Noticed a cyclops
  7887 | D:10     | Entered Level 10 of the Dungeon
  8067 | D:10     | Found a staircase to the Lair.
  8275 | D:10     | Identified the +8 long sword of Honour {freeze, *Slow
                  | Dex+6}
  8395 | D:10     | Reached XP level 11. HP: 76/102 MP: 10/10
  8696 | D:10     | Identified the +2 robe of Bitterness {SInv}
  8851 | D:10     | Found a staircase to the Orcish Mines.
  8955 | D:10     | Found a radiant altar of Vehumet.
  8983 | D:10     | Noticed a two-headed ogre
  8991 | D:10     | Killed a two-headed ogre
  9244 | D:10     | Found a runed translucent gate.
  9244 | D:10     | Found a runed translucent gate.
  9244 | D:10     | Found a runed translucent gate.
  9245 | D:10     | Noticed Eryximachus's ghost (journeyman OpHW)
  9406 | D:10     | Killed Eryximachus's ghost
  9703 | D:11     | Reached ***** piety under Trog
  9965 | D:11     | Noticed a cyan ugly thing
  9970 | D:11     | Killed a cyan ugly thing
 10490 | D:11     | Noticed a vault guard
 10498 | D:11     | Killed a vault guard
 10526 | D:11     | Found a portal to a secret trove of treasure.
 10537 | D:11     | Identified a scroll of acquirement
 10538 | D:11     | Acquired the +0 pair of boots of Spring Thaw {rC+ rN+
                  | Str-5}
 10632 | Lair:1   | Entered Level 1 of the Lair of Beasts
 11719 | Lair:2   | Reached XP level 12. HP: 91/115 MP: 11/11
 11806 | Lair:2   | Noticed a four-headed hydra
 11812 | Lair:2   | Killed an eight-headed hydra
 11934 | Lair:2   | Noticed a seven-headed hydra
 11941 | Lair:2   | Killed a nine-headed hydra
 11975 | Lair:2   | Noticed a catoblepas
 11979 | Lair:2   | Noticed a five-headed hydra
 12009 | Lair:2   | Killed a seven-headed hydra
 12279 | Lair:2   | Noticed a catoblepas
 12559 | Lair:2   | Killed a catoblepas
 12570 | Lair:2   | Killed a catoblepas
 13428 | Lair:3   | Found a staircase to the Swamp.
 13565 | Lair:3   | Noticed a catoblepas
 13589 | Lair:3   | Killed a catoblepas
 13644 | Lair:3   | Reached XP level 13. HP: 121/125 MP: 12/12
 13667 | Lair:3   | Found a hole to the Spider Nest.
 14687 | Lair:4   | You fall into a shaft and drop 1 floor!
 14687 | Lair:5   | Entered Level 5 of the Lair of Beasts
 14687 | Lair:5   | Found a large runed translucent door.
 14687 | Lair:5   | Found a large runed translucent door.
 14831 | Lair:5   | Reached skill level 15 in Axes
 14836 | Lair:5   | Reached skill level 15 in Fighting
 14932 | Lair:4   | Reached skill level 15 in Armour
 15186 | Lair:4   | Received a gift from Trog
 15606 | Lair:5   | Mangled by a catoblepas

Illustrated notes

Levels and vault maps discovered:
D:1:      wheals_arrival_linesprint, layout_rooms,
          shapermc_ecumenical_altar_rom_forum, minmay_liquid_box, minmay_cut_off
D:2:      layout_basic, serial_shops, shop
D:3:      layout_basic, uniq_sigmund
D:4:      corexii_shack_village, layout_rooms,
          chequers_temple_overflow_statue_of_worship,
          minmay_temple_entry_statues_fountains, grunt_ministairs_2,
          kennysheep_crisscross, minmay_cupped, uniq_natasha, uniq_edmund,
          uniq_pikel
D:5:      layout_loops_ring, okawaru_ov_weapons_minmay, uniq_menkaure
D:6:      layout_basic, gammafunk_temple_overflow_claw
D:7:      layout_cave_pools
D:8:      layout_cave_pools, uniq_gastronok
D:9:      layout_roguey, nicolae_qazlal_general_emergency, serial_shops,
          shop_fountains, uniq_joseph
D:10:     layout_long_grid, kennysheep_mini_moat, erik_lair_island, orc_0_dummy,
          ebering_ghost_rock_garden, minmay_misc_feat_iff, water_boxes_lemuel
D:11:     layout_basic, enter_trove_5
D:12:     layout_roguey, uniq_sonja
Lair:1:   layout_regular_city, columned_hall_lemuel, grunt_megastairs_4,
          lemuel_fruit_tree, infiniplex_staircase_pool
Lair:2:   layout_layer_cave, nicolae_lair_grazing_beasts
          [nicolae_sub_lair_graze_edge, nicolae_sub_lair_graze_edge,
          nicolae_sub_lair_graze_edge, nicolae_sub_lair_graze_edge],
          serial_bayou_shore_b
Lair:3:   minmay_lair_oklob_chamber, layout_cave_pods, swamp_mist_pool,
          dummy_spider_entry, infiniplex_staircase_pool_2
Lair:4:   layout_big_grid, grunt_megastairs_2, serial_bayou_shore_a
Lair:5:   cheibrodos_lair_end_hotspot, layout_long_grid, slime_entry_2

Skill      XL: |  1  2  3  4  5  6  7  8  9 10 11 12 13 |
---------------+----------------------------------------+-----
Fighting       | 4 5 6 7 8 10 11 13 14 15 | 15.3
Axes           | 4 5 6 7 8 10 11 13 14 15 | 15.3
Armour         | 3 4 5 6 8 9 11 12 14 15 | 15.1
Evocations     | 1 2 3 4 5 6 7 8 |  8.1
Dodging        | |  2.1

Action                   |  1- 3 |  4- 6 |  7- 9 | 10-12 | 13-15 || total
-------------------------+-------+-------+-------+-------+-------++-------
Melee: Hand axe          |    66 |   109 |   172 |       |       ||   347
       Headbutt          |     7 |    28 |    42 |    79 |    24 ||   180
       Punch             |       |     1 |       |       |       ||     1
       Battleaxe         |       |       |    46 |   377 |   116 ||   539
Invok: Trog's Hand       |     1 |       |     4 |     2 |     1 ||     8
       Berserk           |       |     1 |     6 |     9 |     1 ||    17
Evoke: Wand              |       |       |       |     9 |     5 ||    14
       Condenser vane    |       |       |       |       |     1 ||     1
  Use: Scroll            |       |       |     7 |    10 |     4 ||    21
       Potion            |       |       |     1 |     1 |       ||     2
 Stab: Petrified         |       |       |       |     2 |       ||     2
Armor: Animal skin       |     7 |       |       |       |       ||     7
       Scale mail        |     5 |    24 |    34 |       |       ||    63
       Plate armour      |       |       |    22 |   238 |   110 ||   370
Dodge: Dodged            |    44 |    71 |   154 |   279 |    93 ||   641
